Map: Blackburn LE

Players

Reynor

  • Race: Zerg Zerg

Trap - Winner!

  • Race: Protoss Protoss

Event: TSL 7

VOD

Have the link to the VOD?

Description

Time

  • Played on: June 27, 2021, 9:03 a.m.
  • Length: 15:00

All games in this series

Show
View Real Time Build Order
Export as new Build Order

Reynor Zerg 

Build Orders: Hatch First 

Get SALT Encoding   

  12  0:00  Drone  
  13  0:12  Overlord  
  13  0:17  Drone  
  14  0:31  Drone x2  
  16  0:49  Hatchery  
  15  0:52  Drone  
  15  0:55  Drone  
  17  0:58  Drone  
  18  1:09  Extractor  
  17  1:14  Spawning Pool  
  17  1:17  Drone  
  17  1:20  Drone  
  18  1:28  Drone  
  19  1:39  Drone  
  20  1:50  Overlord  
  20  2:02  Queen x2  
  20  2:03  Drone x2  
  26  2:11  Zergling x2  
  26  2:12  Zergling x2  
  26  2:13  Metabolic Boost  
  28  2:22  Drone x2  
  30  2:34  Overlord  
  30  2:35  Drone  
  31  2:43  Hatchery, Drone  
  31  2:46  Drone  
  32  2:53  Queen  
  32  2:57  Overlord  
  34  2:59  Drone  
  34  3:10  Zergling x4  
  36  3:14  Overlord  
  36  3:15  Drone  
  36  3:16  Drone x2  
  36  3:19  Queen  
  38  3:21  Drone  
  41  3:28  Overlord  
  41  3:29  Spore Crawler  
  41  3:34  Queen  
  40  3:38  Drone x2  
  40  3:40  Zergling x2  
  44  3:48  Zergling x2  
  44  3:50  Zergling x4  
  44  3:51  Drone  
  44  3:53  Drone  
  49  3:56  Queen  
  49  4:00  Overlord  
  49  4:01  Drone  
  52  4:03  Drone  
  52  4:06  Spore Crawler  
  52  4:07  Drone  
  53  4:10  Drone  
  53  4:15  Zergling x2  
  56  4:17  Zergling x2  
  56  4:19  Zergling x6  
  56  4:21  Spore Crawler  
  56  4:22  Drone  
  59  4:24  Queen  
  59  4:30  Zergling x4  
  59  4:31  Zergling x2  
  62  4:34  Drone x3  
  62  4:38  Drone  
  62  4:41  Drone  
  62  4:46  Zergling x2  
  62  4:48  Drone x2  
  62  4:50  Drone  
  62  4:51  Drone x2  
  68  4:55  Drone x2, Overlord  
  70  5:00  Drone  
  70  5:02  Drone  
  70  5:04  Drone  
  73  5:09  Overlord  
  73  5:12  Drone x2  
  73  5:13  Drone x2  
  70  5:15  Drone  
  70  5:20  Drone, Extractor  
  69  5:22  Drone  
  69  5:26  Lair  
  69  5:27  Drone x4  
  74  5:29  Evolution Chamber  
  74  5:31  Drone  
  74  5:35  Drone x3  
  77  5:36  Drone  
  77  5:37  Drone  
  77  5:40  Extractor x2  
  77  5:45  Overlord  
  77  5:48  Drone x2  
  78  5:50  Drone x3  
  78  5:53  Drone x3  
  78  5:56  Zerg Melee Weapons Level 1  
  83  5:59  Hatchery  
  83  6:02  Roach Warren  
  83  6:03  Drone x3  
  84  6:06  Overlord  
  84  6:13  Zergling x2  
  84  6:14  Zergling x8  
  89  6:18  Overlord  
  89  6:19  Zergling x4  
  89  6:20  Extractor  
  89  6:22  Zergling x6  
  89  6:23  Extractor, Pneumatized Carapace  
  92  6:28  Overlord  
  92  6:34  Overlord  
  92  6:40  Overlord  
  92  6:42  Glial Reconstitution  
  92  6:43  Roach x6  
  104  6:48  Roach x3, Baneling Nest  
  104  6:49  Roach  
  111  6:54  Overlord  
  111  6:55  Overseer  
  111  6:58  Roach x4  
  111  7:00  Drone  
  120  7:03  Zergling x2, Roach  
  123  7:09  Overlord  
  123  7:12  Ravager x3  
  123  7:13  Zergling x2  
  123  7:14  Zergling x8  
  130  7:18  Zergling x2, Roach x2  
  130  7:19  Queen  
  130  7:21  Zergling x4  
  134  7:23  Zergling x2  
  134  7:25  Zergling x2, Roach  
  134  7:29  Zergling x2, Roach  
  141  7:30  Ravager  
  141  7:33  Zergling x2  
  142  7:40  Zergling x2, Roach x2  
  147  7:47  Zergling x4, Roach x2  
  147  7:48  Zergling x6  
  147  7:49  Zergling x2  
  158  7:51  Zergling x2, Roach  
  158  7:52  Zerg Melee Weapons Level 2  
  158  7:55  Zergling x2  
  158  7:57  Overlord  
  160  8:06  Spore Crawler, Overlord  
  160  8:08  Centrifical Hooks  
  160  8:11  Evolution Chamber  
  158  8:15  Overlord  
  158  8:20  Overlord  
  158  8:24  Drone  
  158  8:25  Drone x5  
  157  8:31  Drone x2  
  157  8:32  Drone  
  157  8:33  Zergling x16  
  167  8:37  Ravager x2  
  167  8:39  Zerg Missile Weapons Level 1  
  169  8:41  Zergling x6, Roach  
  169  8:42  Zergling x8  
  169  8:45  Overlord  
  172  8:58  Ravager x2  
  172  8:59  Infestation Pit  
  172  9:01  Overlord  
  173  9:03  Zergling x4  
  175  9:13  Baneling x17  
  175  9:14  Zergling x22  
  184  9:17  Overlord  
  184  9:23  Drone  
  185  9:25  Ravager x5  
  185  9:27  Zergling x4  
  185  9:29  Hatchery  
  191  9:40  Baneling x8  
  191  9:44  Zergling x18  
  200  9:47  Baneling x16  
  200  10:00  Hive  
  200  10:06  Zergling x8  
  199  10:14  Baneling x9  
  198  10:35  Zergling x30  
  192  10:43  Zergling x2  
  192  10:44  Zergling x14  
  190  10:50  Zergling x6, Roach x3  
  190  10:51  Zergling x4  
  190  10:55  Zergling x8  
  190  11:01  Zergling x4  
  186  11:07  Roach x4  
  186  11:10  Zergling x8  
  165  11:13  Zergling x4, Roach x3  
  165  11:16  Viper, Roach  
  165  11:17  Roach x2  
  165  11:18  Baneling x23  
  179  11:23  Zergling x4  
  179  11:25  Queen  
  181  11:28  Zergling x6  
  181  11:32  Zergling x2  
  185  11:35  Baneling x11  
  185  11:37  Zergling x8  
  185  11:38  Zergling x4  
  188  11:42  Zergling x8  
  188  11:46  Baneling x5  
  191  11:52  Zergling x8  
  191  11:55  Baneling x6  
  191  11:56  Zergling x2  
  191  11:57  Zergling x8  
  188  12:05  Zergling x14  
  193  12:09  Baneling x5  
  193  12:10  Baneling x6  
  193  12:16  Zergling x10  
  193  12:20  Zergling x2  
  199  12:27  Spire  
  195  12:38  Zergling x8  
  198  12:52  Extractor  
  198  12:57  Adrenal Glands  
  192  13:05  Zergling x2  
  192  13:06  Zergling x20  
  194  13:15  Zergling x12  
  165  13:27  Roach  
  165  13:28  Zergling x28, Roach x4  
  165  13:30  Hatchery, Baneling x16  
  181  13:34  Roach x3  
  181  13:38  Baneling x3  
  181  13:40  Zergling x10  
  163  13:51  Roach x5  
  163  13:53  Roach  
  163  13:54  Roach x3  
  155  13:58  Roach x2  
  155  13:59  Queen  
  155  14:01  Roach x2  
  146  14:04  Ravager x4  
  146  14:05  Zergling x2, Roach x3  
  146  14:09  Roach x2  
  156  14:12  Zergling x4  
  143  14:18  Roach  
  143  14:19  Zergling x6, Roach  
  143  14:21  Zergling x2  
  143  14:24  Zergling x2, Roach x3  
  135  14:33  Roach Warren, Zergling x2  
  135  14:34  Zergling x2  
  135  14:36  Zergling x6  
Show
View Real Time Build Order
Export as new Build Order

Trap Protoss - Winner!

Build Orders: 1 Gate Expand, Oracle Opening 

Get SALT Encoding   

  12  0:00  Probe  
  13  0:12  Probe  
  14  0:19  Pylon  
  14  0:24  Probe  
  14  0:28  Assimilator  
  15  0:37  Probe (Chrono Boost)  
  16  0:43  Gateway  
  16  0:49  Probe (Chrono Boost)  
  17  0:54  Probe (Chrono Boost)  
  18  1:03  Probe  
  19  1:15  Probe  
  20  1:23  Nexus  
  20  1:33  Cybernetics Core  
  20  1:36  Probe  
  21  1:42  Assimilator  
  21  1:48  Probe  
  21  1:51  Pylon  
  22  2:01  Probe (Chrono Boost)  
  23  2:07  Stalker (Chrono Boost)  
  23  2:10  Warp Gate  
  23  2:13  Probe (Chrono Boost)  
  26  2:21  Probe (Chrono Boost)  
  27  2:29  Probe (Chrono Boost), Stargate  
  28  2:32  Adept  
  28  2:35  Probe (Chrono Boost)  
  33  2:44  Probe x2 (Chrono Boost)  
  33  2:50  Probe (Chrono Boost)  
  33  2:51  Probe  
  35  3:02  Probe, Adept  
  38  3:06  Probe  
  38  3:09  Pylon  
  38  3:10  Oracle (Chrono Boost)  
  42  3:14  Probe  
  42  3:19  Probe  
  43  3:22  Gateway  
  43  3:26  Probe  
  44  3:31  Probe  
  45  3:37  Oracle (Chrono Boost)  
  45  3:38  Probe  
  49  3:43  Probe  
  49  3:44  Pylon  
  50  3:50  Probe  
  51  3:58  Nexus  
  51  4:01  Probe  
  51  4:02  Probe  
  53  4:04  Pylon  
  53  4:09  Assimilator  
  53  4:12  Assimilator  
  53  4:15  Probe x2  
  55  4:18  Adept x2  
  55  4:23  Shield Battery  
  59  4:30  Probe x2  
  61  4:38  Forge  
  60  4:39  Twilight Council  
  60  4:40  Pylon, Sentry  
  60  4:41  Sentry  
  60  4:44  Probe x2  
  66  4:56  Probe  
  66  4:57  Probe  
  68  5:00  Gateway  
  68  5:01  Gateway  
  68  5:08  Probe  
  68  5:09  Probe  
  68  5:10  Protoss Ground Weapons Level 1 (Chrono Boost), Blink (Chrono Boost)  
  68  5:20  Probe  
  68  5:21  Probe x2  
  65  5:26  Robotics Facility  
  65  5:27  Stalker, Sentry  
  69  5:32  Probe  
  69  5:33  Probe x2  
  72  5:44  Gateway  
  72  5:46  Gateway  
  72  5:47  Gateway  
  72  5:52  Gateway  
  72  5:53  Gateway  
  72  5:54  Probe x3  
  75  5:59  Stalker x2  
  79  6:07  Stalker x2  
  79  6:09  Probe x3  
  86  6:12  Pylon  
  86  6:15  Warp Prism (Chrono Boost), Pylon  
  86  6:24  Pylon  
  86  6:25  Probe x3  
  91  6:31  Assimilator  
  91  6:35  Assimilator  
  91  6:40  Stalker x4  
  99  6:49  Observer  
  99  6:50  Robotics Bay  
  100  6:54  Stalker, Sentry  
  100  6:55  Photon Cannon  
  100  6:56  Sentry, Robotics Facility  
  106  7:02  Stalker  
  106  7:08  Zealot x4  
  116  7:11  Pylon  
  116  7:12  Pylon  
  116  7:17  Protoss Ground Weapons Level 2 (Chrono Boost)  
  108  7:25  Stalker  
  108  7:26  Stalker  
  108  7:28  Observer  
  113  7:39  Stalker x5  
  113  7:40  Stalker  
  125  7:48  Colossus (Chrono Boost)  
  131  8:03  Photon Cannon x2  
  131  8:05  Shield Battery  
  131  8:07  Pylon  
  131  8:08  Pylon  
  131  8:13  Extended Thermal Lance  
  131  8:17  Pylon  
  131  8:19  Pylon  
  131  8:22  Colossus (Chrono Boost)  
  137  8:34  Colossus (Chrono Boost), Nexus  
  140  8:45  Charge, Pylon  
  140  8:46  Stalker x3  
  140  8:47  Stalker  
  148  8:51  Photon Cannon  
  148  8:55  Photon Cannon  
  148  9:13  Immortal (Chrono Boost)  
  152  9:18  Immortal (Chrono Boost)  
  152  9:20  Templar Archives  
  152  9:22  Photon Cannon  
  156  9:28  Zealot x4  
  164  9:40  Zealot  
  164  9:41  Zealot x2  
  170  9:49  Probe  
  170  9:50  Probe x2  
  170  9:51  Immortal (Chrono Boost)  
  174  9:57  Immortal (Chrono Boost)  
  178  10:02  Probe  
  179  10:08  Protoss Ground Weapons Level 3 (Chrono Boost)  
  179  10:12  High Templar x3  
  179  10:13  High Templar, Zealot  
  187  10:17  Pylon  
  187  10:19  Archon x2  
  186  10:22  Pylon  
  182  10:42  High Templar  
  177  10:46  High Templar  
  177  10:47  Zealot x4  
  181  10:56  Stalker x2  
  151  11:08  Stalker x2  
  151  11:09  Stalker x2  
  151  11:10  Probe x3  
  158  11:12  Photon Cannon  
  158  11:14  Photon Cannon  
  158  11:18  Immortal (Chrono Boost)  
  154  11:22  Probe  
  154  11:24  Assimilator  
  154  11:25  Assimilator  
  163  11:28  High Templar x2, Zealot  
  163  11:29  Zealot  
  163  11:30  Immortal (Chrono Boost)  
  171  11:33  Archon  
  171  11:36  Zealot x4  
  176  11:48  Immortal (Chrono Boost)  
  176  11:50  Psionic Storm  
  174  11:58  Photon Cannon  
  174  12:02  Immortal (Chrono Boost)  
  174  12:05  High Templar x3  
  174  12:08  Photon Cannon  
  180  12:09  Photon Cannon  
  180  12:13  High Templar  
  183  12:26  Observer (Chrono Boost)  
  183  12:27  Nexus  
  183  12:31  Pylon  
  183  12:32  Photon Cannon  
  183  12:35  Probe x2 (Chrono Boost)  
  183  12:36  Probe (Chrono Boost)  
  162  12:45  Protoss Shields Level 1  
  162  12:47  Probe x2 (Chrono Boost)  
  166  12:53  Probe (Chrono Boost)  
  166  12:54  Probe x3 (Chrono Boost), High Templar x2  
  166  12:55  Zealot x2  
  166  12:58  Archon  
  176  12:59  Probe  
  176  13:01  Probe x2  
  175  13:11  Probe  
  172  13:16  High Templar x2, Zealot x2  
  172  13:17  Zealot x2  
  184  13:22  Archon  
  184  13:25  Archon  
  164  13:29  Zealot x2  
  166  13:36  Pylon  
  166  13:39  Photon Cannon  
  158  13:48  Archon  
  158  13:50  High Templar  
  130  13:59  High Templar x4  
  130  14:00  Zealot x4  
  142  14:03  Archon x2  
  142  14:10  Probe x4  
  142  14:11  Probe, Gateway  
  142  14:14  Gateway  
  142  14:16  Gateway  
  141  14:22  Probe  
  129  14:27  High Templar x3  
  129  14:28  High Templar  
  137  14:31  Stalker x3  
  137  14:32  Archon, Stalker  
  137  14:33  Archon  
  137  14:38  Probe x5  
Tags
 
Add a new tag
Caveats
  • Supply blocks, unpowered buildings, or Contaminate may cause inaccurate times.
  • Supply counts are checked every 10 seconds.